 Dungeon Crawl Stone Soup version 0.28.0-43-g3370ac3207 (webtiles) character file.

Game seed: 16949869214057683568

5342 Stuffering the Cruncher (level 10, 0/86 HPs)
             Began as a Yellow Draconian Berserker on Apr 1, 2022.
             Was a High Priest of Trog.
             Slain by an iguana (6 damage)
             ... on level 8 of the Dungeon.
             The game lasted 01:05:25 (10250 turns).

Stuffering the Cruncher (DrBe)                     Turns: 10250, Time: 01:05:25

Health: 0/86       AC: 13    Str: 22    XL:     10   Next: 38%
Magic:  10/10      EV: 13    Int: 10    God:    Trog [*****.]
Gold:   348        SH:  0    Dex: 10    Spells: 9/9 levels left

rFire   . . .      SeeInvis .   g - +4 quarterstaff (chaos)
rCold   . . .      Faith    +   (shield currently unavailable)
rNeg    . . .      Spirit   .   (armour unavailable)
rPois   .          Reflect  .   (helmet restricted)
rElec   .          Harm     .   h - +2 cloak {Stlth+}
rCorr   +          Rampage  .   (no gloves)
Will    .....                   d - +2 pair of boots
Stlth   ++++......              e - amulet of faith
HPRegen 0.24/turn               (no ring)
MPRegen 0.12/turn               (no ring)

@: mighty
A: spit acid, AC +7, unfitting armour, cold-blooded, acid resistance
a: Breathe Acid, Renounce Religion, Berserk, Trog's Hand, Brothers in Arms


You were on level 8 of the Dungeon.
You worshipped Trog.
Trog was extremely pleased with you.
You visited 1 branch of the dungeon, and saw 8 of its levels.

You collected 348 gold pieces.

Inventory:

Hand Weapons
 b - a +0 battleaxe of flaming
 g - a +4 quarterstaff of chaos (weapon)
 k - a +2 shortbow of flaming
Missiles
 c - 47 bolts
 f - 137 arrows
 n - 8 poisoned darts
Armour
 d - a +2 pair of boots (worn)
 h - a +2 cloak of stealth (worn)
Jewellery
 e - an amulet of faith (around neck)
Wands
 a - a wand of digging (5) (quivered)
 r - a wand of mindburst (13)
Scrolls
 l - a scroll of amnesia {unknown}
 q - 2 scrolls of identify
 t - a scroll of noise
Potions
 i - a potion of curing
 j - a potion of might
 m - a potion of mutation
 o - a potion of invisibility
 p - a potion of flight


   Skills:
 + Level 7.4 Fighting
 + Level 5.8 Long Blades
 + Level 10.0 Staves
 + Level 1.0 Throwing
 + Level 6.5 Dodging
 + Level 5.5 Stealth
 + Level 0.6 Evocations


You had 9 spell levels left.
You didn't know any spells.
Your spell library contained the following spells:

 Spells                   Type           Power      Damage    Failure   Level
 Beastly Appendage        Tmut           0%         N/A       36%         1
 Wereblood                Tmut           0%         N/A       50%         2
 Call Canine Familiar     Summ           0%         N/A       75%         3
 Dazzling Flash           Conj/Hex       0%         N/A       75%         3
 Ozocubu's Armour         Ice            0%         N/A       75%         3
 Portal Projectile        Hex/Tloc       0%         N/A       75%         3
 Spider Form              Tmut/Pois      0%         N/A       75%         3
 Tukima's Dance           Hex            0%         N/A       75%         3
 Anguish                  Hex/Necr       0%         N/A       98%         4
 Leda's Liquefaction      Hex/Erth       0%         N/A       98%         4
 Agony                    Necr           0%         N/A       100%        5
 Metabolic Englaciation   Hex/Ice        0%         N/A       100%        5
 Silence                  Hex/Air        0%         N/A       100%        5
 Simulacrum               Ice/Necr       0%         N/A       100%        6
 Enfeeble                 Hex            0%         N/A       100%        7
 Malign Gateway           Summ/Tloc      0%         N/A       100%        7
 Summon Horrible Things   Summ           0%         N/A       100%        8


Dungeon Overview and Level Annotations

Branches:
Dungeon (8/15)             Temple (0/1) D:7
   Lair: D:8-11

Altars:
Dithmenos
Elyvilon
Fedhas
Hepliaklqana
Makhleb
Okawaru
Qazlal
Sif Muna
Trog
Vehumet
Wu Jian
Xom
The Shining One

Shops:
D:1 =([   D:2 :   D:3 [

Portals:
Bailey: D:8


Innate Abilities, Weirdness & Mutations

You can spit globs of acid.
Your golden yellow scales are hard. (AC +7)
You cannot fit into any form of body armour.
You are cold-blooded and may be slowed by cold attacks.
You are resistant to acid. (rCorr)


Message History

The frilled lizard barely misses you. The iguana barely misses you.
The frilled lizard closely misses you. The iguana barely misses you.
The komodo dragon closely misses you.
You barely miss the iguana. The frilled lizard closely misses you.
The iguana closely misses you. The frilled lizard closely misses you.
The iguana bites you.
* * * LOW HITPOINT WARNING * * *
The komodo dragon misses you. The frilled lizard misses you.
The frilled lizard barely misses you.
You thump the iguana!
The iguana is heavily wounded.
The iguana closely misses you. The komodo dragon bites you.
* * * LOW HITPOINT WARNING * * *
The frilled lizard closely misses you. The frilled lizard closely misses you.
The frilled lizard closely misses you. x2
The iguana bites you but does no damage.
You closely miss the frilled lizard. The frilled lizard misses you.
The iguana closely misses you.
You bump into the rock wall.
The iguana barely misses you. The frilled lizard barely misses you.
The iguana bites you.
You bump into the rock wall.
The komodo dragon bites you!
* * * LOW HITPOINT WARNING * * *
The iguana closely misses you.
The frilled lizard bites you but does no damage.
The iguana barely misses you.
You barely miss the iguana.
The iguana is heavily wounded.
You feel less invigorated.
You feel less confused. The komodo dragon bites you!!
* * * LOW HITPOINT WARNING * * *
The iguana bites you.
* * * LOW HITPOINT WARNING * * *
The frilled lizard barely misses you. The iguana misses you.
You hit the komodo dragon.
The komodo dragon seems to slow down.
You freeze the komodo dragon.
The komodo dragon is moderately wounded.
The iguana bites you.
You die...

*#....##........
*#.[#...##......#
#...○.#..........
##...☼.#########.#
#.°☼☼..# #.# #..§.○§# #.#
**########.§./..# #..
*,.......l.###..# ##.
*,,###...l@##...# ##
*###.....ll##.#.# ######
#......†.l##.#.# #....(
#....#.†.......### #.....
#...,#....##.....## #.....
#P.,,#....##.#.#..###.....
##,,,#....##...##...#<....
*,**#######..#####......#
******,,,.....#..........


You could see a komodo dragon (slow), 2 iguanas and 2 frilled lizards.

Vanquished Creatures
  A two-headed ogre (D:8)
  Grinder (D:3)
  2 wyverns
  A steam dragon (D:7)
  Menkaure (D:6)
  4 orc warriors
  2 ice beasts
  A hornet zombie (D:5)
  8 ogres
  3 centaurs
  4 phantoms (D:5)
  A kobold brigand (D:6)
  2 bullfrogs
  2 scorpions
  A gnoll sergeant (D:5)
  2 water moccasin zombies (D:5)
  4 killer bees (D:8)
  A crimson imp (D:5)
  3 centaur zombies
  4 hounds
  Crazy Yiuf (D:4)
  4 jellies
  4 bullfrog skeletons
  2 centaur skeletons
  11 orc priests
  6 iguanas
  Terence (D:3)
  3 orc wizards
  A killer bee zombie (D:8)
  A hound zombie (D:5)
  A hound skeleton (D:4)
  A howler monkey skeleton (D:7)
  8 gnolls (D:5)
  9 adders
  A shadow imp (D:6)
  An ufetubus (D:5)
  A worm (D:4)
  2 dart slugs
  21 orcs
  9 ball pythons
  4 endoplasms
  3 giant cockroaches
  11 goblins
  5 hobgoblins
  3 jackals (D:2)
  10 kobolds
  2 quokkas
  7 bats
  11 frilled lizards
  5 rats
197 creatures vanquished.

Vanquished Creatures (others)
  2 killer bees (D:8)
  2 demonic plants (D:1)
  3 plants (D:8)
7 creatures vanquished.

Grand Total: 204 creatures vanquished

Notes
Turn   | Place    | Note
-------+----------+-------------------------------------------
     0 | D:1      | Stuffering the Draconian Berserker began the quest for the
                  | Orb.
     0 | D:1      | Reached XP level 1. HP: 19/19 MP: 1/1
   145 | D:1      | Found Asuazo's Antique Armour Emporium.
   805 | D:1      | Found Geonim's Weapon Shop.
  1032 | D:1      | Reached XP level 2. HP: 21/26 MP: 2/2
  1087 | D:1      | Found a faded altar of an unknown god.
  1520 | D:1      | Found Viegeasch's Jewellery Emporium.
  1952 | D:2      | Found Ogheaffa's Book Boutique.
  2282 | D:2      | Reached ** piety under Trog
  2289 | D:2      | Reached XP level 3. HP: 30/31 MP: 3/3
  2701 | D:3      | Found Qudaecer's Antique Armour Boutique.
  2716 | D:3      | Reached skill level 1 in Stealth
  2716 | D:3      | Reached XP level 4. HP: 28/40 MP: 4/4
  3225 | D:3      | Noticed Terence
  3232 | D:3      | Noticed Grinder
  3254 | D:3      | Killed Terence
  3255 | D:3      | Reached XP level 5. HP: 14/46 MP: 5/5
  3292 | D:3      | Killed Grinder
  3293 | D:3      | Reached skill level 5 in Long Blades
  3293 | D:3      | Reached XP level 6. HP: 15/52 MP: 6/6
  3679 | D:3      | Found a stormy altar of Qazlal.
  3684 | D:3      | Found a hazy altar of Hepliaklqana.
  3686 | D:3      | Found a white marble altar of Elyvilon.
  3686 | D:3      | Found a shimmering blue altar of Sif Muna.
  3689 | D:3      | Found a bloodstained altar of Trog.
  3689 | D:3      | Found a glowing golden altar of the Shining One.
  4247 | D:4      | Found a runed translucent door.
  4248 | D:4      | Noticed Crazy Yiuf
  4257 | D:4      | Killed Crazy Yiuf
  4982 | D:4      | Your scales start taking on a golden yellow colour.
  4982 | D:4      | Reached XP level 7. HP: 35/60 MP: 7/7
  4982 | D:4      | Gained mutation: You are resistant to acid. (rCorr) [Yellow
                  | Draconian growth]
  5241 | D:4      | Reached skill level 1 in Staves
  5326 | D:5      | Entered Level 5 of the Dungeon
  5361 | D:5      | Found a blossoming altar of Fedhas.
  5447 | D:5      | Reached skill level 2 in Staves
  5542 | D:5      | Reached skill level 3 in Staves
  5549 | D:5      | Reached *** piety under Trog
  5561 | D:5      | Reached skill level 5 in Fighting
  5589 | D:5      | Reached XP level 8. HP: 55/68 MP: 8/8
  5615 | D:5      | Reached skill level 4 in Staves
  5853 | D:5      | Reached skill level 5 in Staves
  5853 | D:5      | Reached skill level 5 in Dodging
  6142 | D:5      | Found an iron altar of Okawaru.
  6326 | D:5      | Reached skill level 6 in Staves
  6524 | D:5      | Reached XP level 9. HP: 36/75 MP: 9/9
  7030 | D:5      | Found a burning altar of Makhleb.
  7030 | D:5      | Found a shimmering altar of Xom.
  7139 | D:6      | Found a shadowy altar of Dithmenos.
  7377 | D:6      | Reached skill level 7 in Staves
  7610 | D:6      | Noticed Menkaure
  7618 | D:6      | Killed Menkaure
  7618 | D:6      | Reached **** piety under Trog
  7619 | D:6      | Reached skill level 1 in Throwing
  7923 | D:6      | Reached skill level 5 in Stealth
  8027 | D:6      | Reached skill level 8 in Staves
  8984 | D:7      | Reached skill level 9 in Staves
  9065 | D:7      | Reached XP level 10. HP: 81/86 MP: 10/10
  9428 | D:7      | Found a staircase to the Ecumenical Temple.
  9592 | D:8      | Reached ***** piety under Trog
  9903 | D:8      | Found an ornate altar of the Wu Jian Council.
  9915 | D:8      | Found a flagged portal.
 10094 | D:8      | Noticed a two-headed ogre
 10108 | D:8      | Killed a two-headed ogre
 10110 | D:8      | Found a radiant altar of Vehumet.
 10129 | D:8      | Reached skill level 10 in Staves
 10250 | D:8      | Slain by an iguana

Illustrated notes

Levels and vault maps discovered:
D:1:      minmay_arrival_loop, layout_loops_ring,
          dreamdust_ecumenical_altar_sealed_demon, serial_shops,
          nicolae_shop_trees, shop, nicolae_lakefront_shop, nrook_campfire
D:2:      layout_loops_corners, serial_shops,
          nicolae_shop_competitors_out_of_business, st_stairs_11
D:3:      layout_basic, grunt_temple_overflow_open, serial_shops,
          nicolae_square_shop, uniq_grinder, uniq_terence
D:4:      layout_gridville, hangedman_glass_teeth, uniq_crazy_yiuf_cottage
D:5:      kennysheep_windowed_halls, layout_cave_pools,
          grunt_temple_overflow_champion_of_chaos, kennysheep_okawaru_gauntlet,
          kennysheep_little_box, kennysheep_generic_room_15
D:6:      minmay_diamond_boxcup, layout_loops_ring,
          nicolae_dithmenos_shadow_blocks, uniq_menkaure
D:7:      layout_gridville, minmay_temple_entry_fiery, nrook_mini_vaults
D:8:      layout_rooms, mainiacjoe_overflow_catwalk, fiery_altar_vehumet,
          enter_bailey_5, minmay_lizard_king, uniq_erica

Skill      XL: |  1  2  3  4  5  6  7  8  9 10 |
---------------+-------------------------------+-----
Dodging        | 3 4 5 6 |  6.5
Long Blades    | 4 5 |  5.8
Stealth        | 1 2 3 4 5 |  5.5
Fighting       | 4 5 6 7 |  7.4
Staves         | 3 6 9 10 | 10.0
Throwing       | 1 |  1.0
Evocations     | |  0.6

Action                   |  1- 3 |  4- 6 |  7- 9 | 10-12 || total
-------------------------+-------+-------+-------+-------++-------
Melee: Falchion          |   112 |   128 |       |       ||   240
       Tailslap          |    11 |    15 |    39 |    11 ||    76
       Punch             |     2 |     2 |       |       ||     4
       Quarterstaff      |       |    32 |   321 |    81 ||   434
Throw: Javelin           |       |       |     6 |       ||     6
Invok: Trog's Hand       |       |     1 |       |       ||     1
       Berserk           |       |       |       |     1 ||     1
Evoke: Wand              |       |       |     1 |       ||     1
  Use: Scroll            |     5 |     3 |     8 |     3 ||    19
       Potion            |       |     4 |     2 |     5 ||    11
 Stab: Distracted        |       |     1 |     1 |       ||     2
       Invisible         |       |     5 |       |       ||     5
       Sleeping          |       |     2 |     6 |     1 ||     9
       Paralysed         |       |       |     3 |       ||     3
       Petrifying        |       |       |     2 |       ||     2
Armor: Skin              |    74 |    50 |   156 |    72 ||   352
Dodge: Dodged            |    92 |    94 |   201 |   145 ||   532
